NWL
LOS ANGELES N (SS-A) DODGERS @ CINCINNATI (SS-A) REDS
08/19/2098
 
TOP OF THE 1ST
Los Angeles N (SS-A) Dodgers batting - Pitching for Cincinnati (SS-A) Reds : LHP Ricardo Soto
Pitching: LHP Ricardo Soto
Batting: RHB Matt Lewis 0-0: Fly out, F8 (Flyball, 8LD, EV 91.3 MPH)
Batting: RHB Ted Hedrick 0-0: Called Strike
0-1: Ball
1-1: Foul Ball, location: 9LMF
1-2: Foul Ball, location: 23FF
1-2: Ball
2-2: Foul Ball, location: 2F
2-2: Foul Ball, location: 3F
2-2: Fly out, F8 (Flyball, 8RD, EV 107.5 MPH)
Batting: RHB Matt Pettit 0-0: Ball
1-0: Ball
2-0: DOUBLE (Line Drive, 89XD, EV 110.6 MPH) - OUT at third base trying to stretch hit.
Top of the 1st over - 0 runs, 1 hit, 0 errors, 0 left on base; Los Angeles N (SS-A) 0 - Cincinnati (SS-A) 0
BOTTOM OF THE 1ST
Cincinnati (SS-A) Reds batting - Pitching for Los Angeles N (SS-A) Dodgers : RHP Alejandro Sanchez
Pitching: RHP Alejandro Sanchez
Batting: RHB Jacopo Baiano 0-0: Called Strike
0-1: Ball
1-1: Ball
2-1: DOUBLE (Flyball, 9LD, EV 95.6 MPH)
Batting: LHB Enrique Oropeza 0-0: Ball
1-0: Foul Ball, location: 7LMF
1-1: DOUBLE (Groundball, 5L, EV 101.3 MPH)
Jacopo Baiano scores
Batting: LHB Josh Southerland 0-0: Foul Ball, location: 23F
0-1: Called Strike
0-2: Strikes out swinging
Batting: RHB Jeff Horn 0-0: Called Strike
0-1: Ball
1-1: Swinging Strike
1-2: Ball
2-2: Foul Ball, location: 2F
2-2: Fly out, F4 (Popup, 34S, EV 88.8 MPH)
Batting: RHB Chris Leeder 0-0: Ball
1-0: Swinging Strike
1-1: Swinging Strike
1-2: Ball
2-2: Strikes out swinging, 2-3 out at first.
Bottom of the 1st over - 1 run, 2 hits, 0 errors, 1 left on base; Los Angeles N (SS-A) 0 - Cincinnati (SS-A) 1
TOP OF THE 2ND
Los Angeles N (SS-A) Dodgers batting - Pitching for Cincinnati (SS-A) Reds : LHP Ricardo Soto
Batting: RHB Austin Vargas 0-0: Called Strike
0-1: Called Strike
0-2: Ball
1-2: Foul Ball, location: 9LSF
1-2: SOLO HOME RUN (Flyball, 7D, EV 98.1 MPH), Distance : 395 ft
Batting: RHB Bernie Sanchez 0-0: Ball
1-0: Swinging Strike
1-1: Swinging Strike
1-2: Ball
2-2: SINGLE (Groundball, 4MD, EV 100.0 MPH)
Batting: RHB Nolan Jones 0-0: Ball
1-0: Foul Ball, location: 5F
1-1: Ball
2-1: Called Strike
2-2: Ball
3-2: Fly out, F9 (Line Drive, 89M, EV 90.6 MPH)
Batting: LHB Aaron Himebauch 0-0: Ball
1-0: Grounds into double play, 4-6-3 (Groundball, 4, EV 106.3 MPH)
Top of the 2nd over - 1 run, 2 hits, 0 errors, 0 left on base; Los Angeles N (SS-A) 1 - Cincinnati (SS-A) 1
BOTTOM OF THE 2ND
Cincinnati (SS-A) Reds batting - Pitching for Los Angeles N (SS-A) Dodgers : RHP Alejandro Sanchez
Batting: RHB Luis Tellez 0-0: Called Strike
0-1: Ball
1-1: Ball
2-1: Ball
3-1: Swinging Strike
3-2: Fly out, F7 (Flyball, 7LSF, EV 80.0 MPH)
Batting: RHB Kevin Feibel 0-0: Foul Ball, location: 2F
0-1: Ball
1-1: Ball
2-1: Called Strike
2-2: Strikes out swinging
Batting: RHB Daniel Salinas 0-0: Ball
1-0: Swinging Strike
1-1: Ball
2-1: Called Strike
2-2: Foul Ball, location: 7LSF
2-2: Strikes out looking
Bottom of the 2nd over - 0 runs, 0 hits, 0 errors, 0 left on base; Los Angeles N (SS-A) 1 - Cincinnati (SS-A) 1
TOP OF THE 3RD
Los Angeles N (SS-A) Dodgers batting - Pitching for Cincinnati (SS-A) Reds : LHP Ricardo Soto
Batting: RHB Ivan Morales 0-0: Foul Ball, location: 9LMF
0-1: Ball
1-1: Foul Ball, location: 3F
1-2: Ball
2-2: Ball
3-2: Base on Balls
Batting: RHB Terry Stanley 0-0: Ball
1-0: Called Strike
1-1: Ball
2-1: Ball
3-1: Base on Balls
Ivan Morales to second
Batting: RHB Matt Lewis 0-0: Ball
1-0: Ball
2-0: Ball
3-0: Called Strike
3-1: Called Strike
3-2: Fielders Choice at 2nd, 3-6 (Groundball, 34S, EV 88.8 MPH)
Ivan Morales to third
Batting: RHB Ted Hedrick 0-0: Swinging Strike
0-1: Called Strike
0-2: Ball
1-2: Ball
2-2: Ball
3-2: Strikes out swinging
Batting: RHB Matt Pettit 0-0: Foul Ball, location: 5FF
0-1: Called Strike
0-2: Ball
1-2: Ball
2-2: Fly out, F7 (Line Drive, 7S, EV 91.3 MPH)
Top of the 3rd over - 0 runs, 0 hits, 0 errors, 2 left on base; Los Angeles N (SS-A) 1 - Cincinnati (SS-A) 1
BOTTOM OF THE 3RD
Cincinnati (SS-A) Reds batting - Pitching for Los Angeles N (SS-A) Dodgers : RHP Alejandro Sanchez
Batting: RHB Josh Savage 0-0: Ball
1-0: Ball
2-0: Ball
3-0: Called Strike
3-1: Called Strike
3-2: Strikes out swinging
Batting: RHB Jacopo Baiano 0-0: Ball
1-0: Swinging Strike
1-1: Called Strike
1-2: Ball
2-2: Ball
3-2: Strikes out swinging
Batting: LHB Enrique Oropeza 0-0: Foul Ball, location: 7LDF
0-1: Ball
1-1: Ball
2-1: Called Strike
2-2: Strikes out looking
Bottom of the 3rd over - 0 runs, 0 hits, 0 errors, 0 left on base; Los Angeles N (SS-A) 1 - Cincinnati (SS-A) 1
TOP OF THE 4TH
Los Angeles N (SS-A) Dodgers batting - Pitching for Cincinnati (SS-A) Reds : LHP Ricardo Soto
Batting: RHB Austin Vargas 0-0: Fly out, F9 (Flyball, 9D, EV 105.0 MPH)
Batting: RHB Bernie Sanchez 0-0: Called Strike
0-1: Ball
1-1: Fly out, F7 (Flyball, 78M, EV 96.3 MPH)
Batting: RHB Nolan Jones 0-0: Foul Ball, location: 9LDF
0-1: Foul Ball, location: 2F
0-2: Foul Ball, location: 7LSFF
0-2: Fly out, F9 (Flyball, 89D, EV 96.3 MPH)
Top of the 4th over - 0 runs, 0 hits, 0 errors, 0 left on base; Los Angeles N (SS-A) 1 - Cincinnati (SS-A) 1
BOTTOM OF THE 4TH
Cincinnati (SS-A) Reds batting - Pitching for Los Angeles N (SS-A) Dodgers : RHP Alejandro Sanchez
Batting: LHB Josh Southerland 0-0: Ball
1-0: Ball
2-0: Ball
3-0: Called Strike
3-1: Ground out 4-3 (Groundball, 4, EV 86.3 MPH)
Batting: RHB Jeff Horn 0-0: Ball
1-0: Called Strike
1-1: Ball
2-1: Foul Ball, location: 2F
2-2: Foul Ball, location: 2F
2-2: Ball
3-2: Strikes out swinging
Batting: RHB Chris Leeder 0-0: Foul Ball, location: 2F
0-1: Foul Ball, location: 9LSF
0-2: Foul Ball, location: 9LDF
0-2: Fly out, F7 (Flyball, 78M, EV 83.1 MPH)
Bottom of the 4th over - 0 runs, 0 hits, 0 errors, 0 left on base; Los Angeles N (SS-A) 1 - Cincinnati (SS-A) 1
TOP OF THE 5TH
Los Angeles N (SS-A) Dodgers batting - Pitching for Cincinnati (SS-A) Reds : LHP Ricardo Soto
Batting: LHB Aaron Himebauch 0-0: Ball
1-0: Ball
2-0: Ball
3-0: Called Strike
3-1: Base on Balls
Batting: RHB Ivan Morales 0-0: Ball
1-0: Ball
2-0: Ball
3-0: Foul Ball, location: 5FF
3-1: SINGLE (Line Drive, 9LS, EV 98.8 MPH)
Aaron Himebauch to second
Batting: RHB Terry Stanley 0-0: Ball
1-0: Called Strike
1-1: Fly out, F7 (Line Drive, 78D, EV 96.3 MPH)
Batting: RHB Matt Lewis 0-0: Fielders Choice at 2nd, 6-4 (Groundball, 6, EV 91.9 MPH)
Aaron Himebauch to third
Batting: RHB Ted Hedrick 0-0: Called Strike
0-1: Foul Ball, location: 5F
0-2: Ball
1-2: Foul Ball, location: 9LMF
1-2: Strikes out swinging
Top of the 5th over - 0 runs, 1 hit, 0 errors, 2 left on base; Los Angeles N (SS-A) 1 - Cincinnati (SS-A) 1
BOTTOM OF THE 5TH
Cincinnati (SS-A) Reds batting - Pitching for Los Angeles N (SS-A) Dodgers : RHP Alejandro Sanchez
Batting: RHB Luis Tellez 0-0: Called Strike
0-1: Swinging Strike
0-2: Ball
1-2: Strikes out swinging
Batting: RHB Kevin Feibel 0-0: Ball
1-0: Foul Ball, location: 5F
1-1: Swinging Strike
1-2: Ball
2-2: Strikes out looking
Batting: RHB Daniel Salinas 0-0: Foul Ball, location: 2F
0-1: Fly out, F8 (Flyball, 8LM, EV 78.1 MPH)
Bottom of the 5th over - 0 runs, 0 hits, 0 errors, 0 left on base; Los Angeles N (SS-A) 1 - Cincinnati (SS-A) 1
TOP OF THE 6TH
Los Angeles N (SS-A) Dodgers batting - Pitching for Cincinnati (SS-A) Reds : LHP Ricardo Soto
Pitching: LHP Pete Eckstrom
Batting: RHB Matt Pettit 0-0: Foul Ball, location: 9LMF
0-1: SINGLE (Line Drive, 9S, EV 98.8 MPH)
Batting: RHB Austin Vargas 0-0: Ball
1-0: Foul Ball, location: 5F
1-1: Swinging Strike
1-2: Strikes out swinging
Batting: RHB Bernie Sanchez 0-0: Called Strike
0-1: Called Strike
0-2: Ball
1-2: Ball
2-2: SINGLE (Line Drive, 78S, EV 101.3 MPH)
Matt Pettit to second
Batting: RHB Nolan Jones 0-0: Ball
1-0: Fly out, F6 (Popup, 56, EV 76.9 MPH)
Pinch Hitting: RHB Devin Gleason 0-0: Ground out 5-3 (Groundball, 56S, EV 67.5 MPH)
Top of the 6th over - 0 runs, 2 hits, 0 errors, 2 left on base; Los Angeles N (SS-A) 1 - Cincinnati (SS-A) 1
BOTTOM OF THE 6TH
Cincinnati (SS-A) Reds batting - Pitching for Los Angeles N (SS-A) Dodgers : RHP Alejandro Sanchez
Pitching: LHP Chance Fritz
Now at C: Alex Gutierrez
Batting: RHB Josh Savage 0-0: Swinging Strike
0-1: Called Strike
0-2: Strikes out swinging
Batting: RHB Jacopo Baiano 0-0: Ball
1-0: Fly out, F8 (Flyball, 8RM, EV 85.0 MPH)
Batting: LHB Enrique Oropeza 0-0: Ball
1-0: SINGLE (Groundball, 34D, EV 98.8 MPH)
Batting: LHB Josh Southerland 0-0: Swinging Strike
0-1: Fly out, F9 (Flyball, 8RM, EV 95.0 MPH)
Bottom of the 6th over - 0 runs, 1 hit, 0 errors, 1 left on base; Los Angeles N (SS-A) 1 - Cincinnati (SS-A) 1
TOP OF THE 7TH
Los Angeles N (SS-A) Dodgers batting - Pitching for Cincinnati (SS-A) Reds : LHP Pete Eckstrom
Pitching: RHP Leo Orozco
Pinch Hitting: LHB Josh Errickson 0-0: Ball
1-0: Called Strike
1-1: Ball
2-1: Ball
3-1: SINGLE (Line Drive, 89M, EV 98.1 MPH)
Pinch Hitting: LHB Micah Vogel 0-0: Ball
1-0: Foul Ball, location: 2F
1-1: Ball
2-1: Foul Ball, location: 7LDF
2-2: Ball
3-2: Strikes out swinging
Pinch Hitting: LHB Greg Weeks 0-0: Ball
1-0: 2-RUN HOME RUN (Flyball, 7LD, EV 95.6 MPH), Distance : 360 ft
Batting: RHB Ted Hedrick 0-0: Foul Ball, location: 9LDF
0-1: Ground out 6-3 (Groundball, 6, EV 85.6 MPH)
Batting: RHB Matt Pettit 0-0: Called Strike
0-1: Ball
1-1: Fly out, F9 (Line Drive, 9, EV 91.9 MPH)
Top of the 7th over - 2 runs, 2 hits, 0 errors, 0 left on base; Los Angeles N (SS-A) 3 - Cincinnati (SS-A) 1
BOTTOM OF THE 7TH
Cincinnati (SS-A) Reds batting - Pitching for Los Angeles N (SS-A) Dodgers : LHP Chance Fritz
Now at 3B: Jesse Reed
Now at SS: Earl Adams
Now in LF: Danny Tedesco
Batting: RHB Jeff Horn 0-0: Ball
1-0: Called Strike
1-1: Foul Ball, location: 23F
1-2: SINGLE (Line Drive, 9S, EV 107.5 MPH)
Batting: RHB Chris Leeder 0-0: Swinging Strike
0-1: Fly out, F9 (Flyball, 9, EV 99.4 MPH)
Batting: RHB Luis Tellez 0-0: Swinging Strike
0-1: Ball
1-1: Called Strike
1-2: Fly out, F8 (Flyball, 8LD, EV 100.0 MPH)
Batting: RHB Kevin Feibel 0-0: Called Strike
0-1: Ball
1-1: Foul Ball, location: 5SF
1-2: Strikes out swinging
Bottom of the 7th over - 0 runs, 1 hit, 0 errors, 1 left on base; Los Angeles N (SS-A) 3 - Cincinnati (SS-A) 1
TOP OF THE 8TH
Los Angeles N (SS-A) Dodgers batting - Pitching for Cincinnati (SS-A) Reds : RHP Leo Orozco
Batting: RHB Austin Vargas 0-0: Fly out, F9 (Flyball, 89S, EV 88.8 MPH)
Batting: RHB Bernie Sanchez 0-0: Foul Ball, location: 9LSF
0-1: Ball
1-1: Foul Ball, location: 9LMF
1-2: Fly out, F7 (Flyball, 7, EV 90.0 MPH)
Batting: RHB Nolan Jones 0-0: Called Strike
0-1: Ball
1-1: SINGLE (Line Drive, 9S, EV 89.4 MPH)
Batting: RHB Alex Gutierrez 0-0: Ball
1-0: Called Strike
1-1: Fly out, F8 (Flyball, 8LD, EV 99.4 MPH)
Top of the 8th over - 0 runs, 1 hit, 0 errors, 1 left on base; Los Angeles N (SS-A) 3 - Cincinnati (SS-A) 1
BOTTOM OF THE 8TH
Cincinnati (SS-A) Reds batting - Pitching for Los Angeles N (SS-A) Dodgers : LHP Chance Fritz
Batting: RHB Daniel Salinas 0-0: Ball
1-0: Called Strike
1-1: Swinging Strike
1-2: Ball
2-2: Foul Ball, location: 2F
2-2: Foul Ball, location: 2F
2-2: Foul Ball, location: 9LSF
2-2: Ball
3-2: Foul Ball, location: 2F
3-2: Strikes out swinging
Batting: RHB Josh Savage 0-0: Called Strike
0-1: Called Strike
0-2: Ball
1-2: Foul Ball, location: 7LDF
1-2: Strikes out swinging
Batting: RHB Jacopo Baiano 0-0: Swinging Strike
0-1: Foul Ball, location: 2F
0-2: Ball
1-2: Ball
2-2: Strikes out swinging
Bottom of the 8th over - 0 runs, 0 hits, 0 errors, 0 left on base; Los Angeles N (SS-A) 3 - Cincinnati (SS-A) 1
TOP OF THE 9TH
Los Angeles N (SS-A) Dodgers batting - Pitching for Cincinnati (SS-A) Reds : RHP Leo Orozco
Batting: RHB Danny Tedesco 0-0: Ball
1-0: Foul Ball, location: 9LSF
1-1: Swinging Strike
1-2: Fly out, F3 (Popup, 3SF, EV 72.5 MPH)
Batting: RHB Earl Adams 0-0: Fly out, F8 (Flyball, 8RXD, EV 106.3 MPH)
Batting: RHB Jesse Reed 0-0: Called Strike
0-1: Called Strike
0-2: Foul Ball, location: 2F
0-2: Ball
1-2: Strikes out swinging
Top of the 9th over - 0 runs, 0 hits, 0 errors, 0 left on base; Los Angeles N (SS-A) 3 - Cincinnati (SS-A) 1
BOTTOM OF THE 9TH
Cincinnati (SS-A) Reds batting - Pitching for Los Angeles N (SS-A) Dodgers : LHP Chance Fritz
Pitching: RHP Brian Williams
Batting: LHB Enrique Oropeza 0-0: Called Strike
0-1: Ball
1-1: Swinging Strike
1-2: Ball
2-2: Foul Ball, location: 2F
2-2: Foul Ball, location: 2F
2-2: Foul Ball, location: 23F
2-2: Strikes out swinging
Batting: LHB Josh Southerland 0-0: SINGLE (Groundball, 34D, EV 105.6 MPH)
Batting: RHB Jeff Horn 0-0: Ball
1-0: Grounds into double play, 5-4-3 (Groundball, 56, EV 86.3 MPH)
Bottom of the 9th over - 0 runs, 1 hit, 0 errors, 0 left on base; Los Angeles N (SS-A) 3 - Cincinnati (SS-A) 1
Saturday, April 13th , 2024 - OOTP Baseball 24.11 Build 85